 Dungeon Crawl Stone Soup version 0.27-a0-808-g60bc5d92e6 (webtiles) character file.

Game seed: 3762936701332108079

11 Lanoc the Vexing (level 2, 0/21 HPs)
             Began as a Vampire Arcane Marksman on Mar 28, 2021.
             Killed by Freeze
             ... generated by an endoplasm
              (3 damage)
             ... on level 1 of the Dungeon.
             The game lasted 00:00:55 (149 turns).

Lanoc the Vexing (Vampire Arcane Marksman)           Turns: 149, Time: 00:00:56

Health: 0/21       AC:  2    Str:  9    XL:     2   Next: 17%
Magic:  1/3        EV: 12    Int: 15    God:
Gold:   3          SH:  0    Dex: 14    Spells: 2/3 levels left

rFire    . . .     SeeInvis +   b - +0 dagger (speed)
rCold    . . .     Faith    .   (no shield)
rNeg     . . .     Spirit   .   e - +0 robe
rPois    .         Reflect  .   (no helmet)
rElec    .         Harm     .   (no cloak)
rCorr    .         Rampage  .   (no gloves)
Will     .....                  (no boots)
Stlth    +.........             (no amulet)
HPRegen  0.27/turn              (no ring)
MPRegen  0.08/turn              (no ring)

@: regenerating quickly
A: alive, fangs 3, see invisible, unbreathing 1, vampiric 1
a: Exsanguinate


You were on level 1 of the Dungeon.
You visited 1 branch of the dungeon, and saw 1 of its levels.

You collected 3 gold pieces.

Inventory:

Hand Weapons
 a - a +0 shortbow
 b - a +0 dagger of speed (weapon)
Missiles
 d - 16 arrows
Armour
 e - a +0 robe (worn)
Potions
 c - a potion of degeneration {unknown}


   Skills:
 + Level 1.3 Fighting
 - Level 1.5 Bows
 + Level 2.5 Dodging
 - Level 1.0 Spellcasting
 + Level 4.8 Hexes


You had 2 spell levels left.
You knew the following spells:

 Your Spells              Type           Power      Damage    Failure   Level
a - Corona                Hex            16%        N/A       3%          1

Your spell library contained the following spells:

 Spells                   Type           Power      Damage    Failure   Level
 Slow                     Hex            15%        N/A       5%          2
 Inner Flame              Hex/Fire       7%         N/A       28%         3
 Portal Projectile        Hex/Tloc       14%        N/A       28%         3
 Cause Fear               Hex            7%         N/A       34%         4
 Leda's Liquefaction      Hex/Erth       3%         N/A       67%         4


Dungeon Overview and Level Annotations

Branches:
Dungeon (1/15)

Altars:


Innate Abilities, Weirdness & Mutations

Your natural rate of healing is unusually fast.
You have razor-sharp teeth.
You have supernaturally acute eyesight. (SInv)
You can survive without breathing.
You are afflicted with vampirism.


Message History

The quokka is almost dead.
The quokka barely misses you.
You hit the quokka.
You kill the quokka!
The kobold throws a stone.
The stone hits you.
Casting: Corona (safe; 3% risk of failure)
Confirm with . or Enter, or press ? or * to list all spells.
Aiming: Corona (safe; 3% risk of failure)
Press: ? - help, Shift-Dir - straight line, f - kobold
Aim: a kobold, wielding a +0 short sword and quivering stones (chance to affect: 69%)
The kobold is outlined in light.
The kobold hits you with a +0 short sword.
You hit the kobold but do no damage.
The kobold hits you with a +0 short sword.
* * * LOW HITPOINT WARNING * * *
You barely miss the kobold. The kobold hits you but does no damage.
You hit the kobold.
The kobold is severely wounded.
You hit the kobold but do no damage.
The kobold is severely wounded.
The kobold barely misses you.
You hit the kobold.
You kill the kobold!
Casting: Corona (safe; 3% risk of failure)
Confirm with . or Enter, or press ? or * to list all spells.
Aiming: Corona (safe; 3% risk of failure)
Press: ? - help, Shift-Dir - straight line, f - endoplasm
Aim: an endoplasm (chance to affect: 69%)
The endoplasm is outlined in light.
The endoplasm freezes you.
You are frozen.
* * * LOW HITPOINT WARNING * * *
You hit the endoplasm but do no damage. You hit the endoplasm but do no damage.
The endoplasm hits you but does no damage.
You hit the endoplasm.
The endoplasm is lightly wounded.
The endoplasm freezes you.
You are frozen.
You die...

### .. .. #...### #..
..# #.. #.# #.. #.#
#.> #@# # #.. #J##
....##.##r.####
.$....†.r#....#
.........####.###
.........# #...####
.........# ###....#
.........# #....[.#
.#.##..#...##......##


You could see an endoplasm (corona) and 2 rats.

Vanquished Creatures
  3 ball pythons (D:1)
  2 endoplasms (D:1)
  A goblin (D:1)
  2 kobolds (D:1)
  A quokka (D:1)
  A rat (D:1)
10 creatures vanquished.

Notes
Turn   | Place    | Note
-------+----------+-------------------------------------------
     0 | D:1      | Lanoc the Vampire Arcane Marksman began the quest for the
                  | Orb.
     0 | D:1      | Reached XP level 1. HP: 14/14 MP: 2/2
    25 | D:1      | Reached skill level 1 in Fighting
   111 | D:1      | Reached XP level 2. HP: 21/21 MP: 3/3
   149 | D:1      | Killed from afar by an endoplasm

Illustrated notes

Levels and vault maps discovered:
D:1:      dpeg_arrival_simpleton_c, layout_rooms

Skill      XL: |  1 |
---------------+----+-----
Fighting       | 1 |  1.3
Bows           | |  1.5
Dodging        | |  2.5
Spellcasting   | |  1.0
Hexes          | |  4.8

Action                   || total
-------------------------++-------
Melee: Dagger            ||    33
       Bite              ||     3
 Fire: Shortbow          ||    14
 Cast: Corona            ||     6
Armor: Robe              ||     5
Dodge: Dodged            ||    17

Table legend: (Time is in decaauts)
 A = Elapsed time spent in this place.
 B = Non-inter-level travel time spent in this place.
 C = Inter-level travel time spent in this place.
 D = Time resting spent in this place.
 E = Time spent auto-exploring this place.
 F = Levels seen in this place.
 G = Mean time per level.
                   A        B        C        D        E       F      G
               +--------+--------+--------+--------+--------+-----+--------+
         Total |    140 |    140 |      0 |      0 |     68 |   1 |  140.0 |
       Dungeon |    140 |    140 |      0 |      0 |     68 |   1 |  140.0 |
               +--------+--------+--------+--------+--------+-----+--------+

Top non-repeatable levels by time:
     D:1: 140 daAuts
